 Dungeon Sprint DCSS version 0.26-a0-660-gc07710193c (webtiles) character file.

Game seed: 17347876543156771508

133 sahdkjhfkaj the Grappler (level 4, -4/78 HPs)
             Began as a Troll Berserker on Oct 7, 2020.
             Was a Priest of Trog.
             Slain by a kobold
             ... wielding a +0 short sword
              (7 damage)
             ... in the Dungeon (Sprint VII: "The Pits").
             The game lasted 00:00:50 (153 turns).

sahdkjhfkaj the Grappler (Troll Berserker)           Turns: 153, Time: 00:00:51

Health: -4/78      AC:  6    Str: 26    XL:     4   Next: 93%
Magic:  3/3        EV: 10    Int:  3    God:    Trog [***...]
Gold:   0          SH:  0    Dex:  9    Spells: 3/3 levels left

rFire    . . .     SeeInvis .     - Unarmed
rCold    . . .     Faith    .   (no shield)
rNeg     . . .     Spirit   .   a - +0 animal skin
rPois    .         Reflect  .   (helmet restricted)
rElec    .         Harm     .   (no cloak)
rCorr    .         Rampage  .   (gloves unavailable)
MR       .....     NoTele   +   (boots unavailable)
Stlth    ..........             (no amulet)
HPRegen  0.63/turn              (no ring)
MPRegen  0.08/turn              (no ring)

@: berserking, very quick
A: large, unfitting armour, claws 3, regeneration 1, shaggy fur 1, tough skin 3
a: Berserk, Trog's Hand, Renounce Religion


You were in the Dungeon.
You worshipped Trog.
Trog was most pleased with you.
You visited 1 branch

Inventory:

Armour
 a - a +0 animal skin (worn)
Scrolls
 g - a scroll of blinking
 i - 3 scrolls of remove curse
 j - a scroll of summoning
Potions
 b - a potion of curing
 c - a potion of heal wounds
 d - a potion of haste
 e - 4 potions of magic
 f - 3 potions of berserk rage
 h - 2 potions of invisibility


   Skills:
 - Level 6.0 Fighting
 - Level 2.4 Dodging
 + Level 8.0 Unarmed Combat


You had 3 spell levels left.
You didn't know any spells.
Your spell library was empty.

Dungeon Overview and Level Annotations

Branches:
Dungeon (1/1)

Altars:
Ashenzari
Cheibriados
Dithmenos
Elyvilon
Fedhas
Gozag
Hepliaklqana
Kikubaaqudgha
Makhleb
Nemelex Xobeh
Okawaru
Qazlal
Ru
Sif Muna
Trog
Uskayaw
Vehumet
Wu Jian
Xom
Yredelemnul
Zin
The Shining One
Beogh
Jiyva
Lugonu


Innate Abilities, Weirdness & Mutations

You are too large for most types of armour.
You have claws for hands.
Your natural rate of healing is unusually fast.
You are covered in fur. (AC +1)
You have extremely tough skin. (AC +3)


Message History

The flying skull hits you but does no damage.
The kobold hits you but does no damage. The flying skull hits you!
* * * LOW HITPOINT WARNING * * *
A red film seems to cover your vision as you go berserk!
You feel yourself moving faster!
You feel mighty! The gnoll barely misses you.
The flying skull barely misses you.
The kobold hits you with a +0 short sword.
* * * LOW HITPOINT WARNING * * *
You miss the flying skull.
The flying skull hits you but does no damage.
The gnoll barely misses you.
The kobold hits you with a +0 short sword.
* * * LOW HITPOINT WARNING * * *
You closely miss the flying skull. The flying skull closely misses you.
You mangle the flying skull!!
The flying skull is almost destroyed.
The flying skull hits you!
* * * LOW HITPOINT WARNING * * *
The kobold hits you with a +0 short sword!
You die...

#...........'.........
#+#####'#####......#..
#.†#†.# #.........
#..'..# ####'#####
#..#### #.......#
#..#..# #.......#
#..#..# #.......#
##'#z.#+###...<...#
#..@Kg...##.......#
#........##.......#
###########.......#
#########


You could see a flying skull, a gnoll and a kobold.

Vanquished Creatures
  A floating eye (D)
  A worker ant (D)
  A gnoll (D)
  A bat skeleton (D)
  A hobgoblin (D)
  A frilled lizard (D)
  A giant cockroach zombie (D)
7 creatures vanquished.

Notes
Turn   | Place    | Note
-------+----------+-------------------------------------------
     0 | D        | sahdkjhfkaj the Troll Berserker began the quest for the
                  | Orb.
     0 | D        | Reached XP level 1. HP: 22/22 MP: 0/0
    13 | D        | Noticed a worker ant
    18 | D        | Killed a worker ant
    18 | D        | Reached skill level 4 in Unarmed Combat
    18 | D        | Reached skill level 5 in Unarmed Combat
    18 | D        | Reached XP level 2. HP: 32/32 MP: 1/1
    49 | D        | Found a bloodstained altar of Trog.
    49 | D        | Found a shimmering blue altar of Sif Muna.
    49 | D        | Found a viscous altar of Jiyva.
    49 | D        | Found a hazy altar of Hepliaklqana.
    49 | D        | Found an opulent altar of Gozag.
    50 | D        | Found a glowing golden altar of the Shining One.
    50 | D        | Found a glowing silver altar of Zin.
    50 | D        | Found a basalt altar of Yredelemnul.
    50 | D        | Found a shimmering altar of Xom.
    50 | D        | Found an ornate altar of the Wu Jian Council.
    50 | D        | Found a sacrificial altar of Ru.
    50 | D        | Found a stormy altar of Qazlal.
    50 | D        | Found an iron altar of Okawaru.
    50 | D        | Found a sparkling altar of Nemelex Xobeh.
    50 | D        | Found a burning altar of Makhleb.
    50 | D        | Found a blossoming altar of Fedhas.
    50 | D        | Found a white marble altar of Elyvilon.
    50 | D        | Found a shadowy altar of Dithmenos.
    50 | D        | Found a snail-covered altar of Cheibriados.
    54 | D        | Found a roughly hewn altar of Beogh.
    54 | D        | Found a corrupted altar of Lugonu.
    54 | D        | Found a radiant altar of Vehumet.
    55 | D        | Found a broken altar of Ashenzari.
    55 | D        | Found an ancient bone altar of Kikubaaqudgha.
    55 | D        | Found a hide-covered altar of Uskayaw.
    99 | D        | Noticed a floating eye
   101 | D        | Paralysed by a floating eye for 2 turns
   104 | D        | Killed a floating eye
   104 | D        | Reached skill level 6 in Unarmed Combat
   104 | D        | Reached skill level 7 in Unarmed Combat
   104 | D        | Reached skill level 5 in Fighting
   104 | D        | Reached skill level 8 in Unarmed Combat
   104 | D        | Reached XP level 3. HP: 30/42 MP: 2/2
   104 | D        | Reached XP level 4. HP: 36/50 MP: 3/3
   106 | D        | Reached ** piety under Trog
   141 | D        | Noticed a flying skull
   142 | D        | Reached *** piety under Trog
   153 | D        | HP: 3/78 [flying skull (7)]
   153 | D        | Slain by a kobold

Illustrated notes

Levels and vault maps discovered:
D:        pitsprint [storerooms_1, entrance_room_1, metal_vault_4, armoury_2,
          mini_pit_1, grid_room_1, main_hall_1, silver_pit, the_coven_2,
          the_vestibule_1, steel_vault_4, golden_pit, hallway_of_sentries,
          crystal_vault_1, iron_vault_1, final_vault]

Skill      XL: |  1  2  3  4 |
---------------+-------------+-----
Unarmed Combat | 5 8 |  8.0
Fighting       | 4 5 6 |  6.0
Dodging        | |  2.4

Action                   |  1- 3 |  4- 6 || total
-------------------------+-------+-------++-------
Melee: Unarmed           |     5 |    16 ||    21
Invok: Berserk           |     1 |     1 ||     2
Armor: Animal skin       |       |     5 ||     5
Dodge: Dodged            |     5 |    20 ||    25

Table legend: (Time is in decaauts)
 A = Elapsed time spent in this place.
 B = Non-inter-level travel time spent in this place.
 C = Inter-level travel time spent in this place.
 D = Time resting spent in this place.
 E = Time spent auto-exploring this place.
 F = Levels seen in this place.
 G = Mean time per level.
                   A        B        C        D        E       F      G
               +--------+--------+--------+--------+--------+-----+--------+
         Total |    155 |    155 |      0 |     32 |     28 |   1 |  155.0 |
       Dungeon |    155 |    155 |      0 |     32 |     28 |   1 |  155.0 |
               +--------+--------+--------+--------+--------+-----+--------+

Top non-repeatable levels by time:
       D: 155 daAuts
